 Dungeon Crawl Stone Soup version 0.18.1-50-g88ac8fd (webtiles) character file.

798 Gargoyl the Covered (level 7, -3/54 HPs)
             Began as a Demonspawn Abyssal Knight on Sept 30, 2016.
             Was a Priest of Lugonu.
             Succumbed to a gnoll's poison
             ... on level 4 of the Dungeon.
             The game lasted 00:11:53 (5992 turns).

Gargoyl the Covered (Demonspawn Abyssal Knight)     Turns: 5992, Time: 00:11:54

Health: -3/54      AC: 10    Str: 14    XL:     7   Next: 58%
Magic:  11/11      EV: 10    Int: 13    God:    Lugonu [***...]
Gold:   236        SH:  0    Dex: 13    Spells: 0 memorised, 6 levels left

rFire  + . .     SeeInvis .     a - +2 hand axe
rCold  . . .     Gourm    .     p - +0 scale mail
rNeg   . . .     Faith    .     (no shield)
rPois  .         Spirit   .     (no helmet)
rElec  .         Dismiss  .     (no cloak)
rCorr  .         Reflect  .     (no gloves)
SustAt .         Harm     .     (no boots)
MR     .....                    (no amulet)
Stlth  ..........               (no ring)
                                (no ring)

@: lethally poisoned (-3 -> -53), not resistant to hostile enchantments,
extremely unstealthy
A: claws 1, slimy green scales 2, blink, fire resistance 1
a: Blink, Depart the Abyss, Bend Space, Banish, Renounce Religion


You were on level 4 of the Dungeon.
You worshipped Lugonu.
Lugonu was most pleased with you.
You were not hungry.

You visited 1 branch of the dungeon, and saw 4 of its levels.
You visited the Abyss 1 time.

You collected 236 gold pieces.

Inventory:

Hand Weapons
 a - a +2 hand axe (weapon)
Missiles
 l - 15 tomahawks (quivered)
Armour
 p - a +0 scale mail (worn)
Scrolls
 f - 2 scrolls of remove curse
 i - 2 scrolls of teleportation
 k - 2 scrolls of identify
Comestibles
 c - 3 bread rations
 g - a slice of pizza
 n - 3 meat rations


   Skills:
 + Level 4.0 Fighting
 + Level 2.6 Axes
 + Level 1.3 Throwing
 * Level 5.5 Armour
 + Level 2.5 Dodging
 * Level 5.4 Invocations


You had 6 spell levels left.
You didn't know any spells.

Dungeon Overview and Level Annotations

Branches:
Dungeon (4/15)
 Temple: D:4-7

Altars:
Yredelemnul


Innate Abilities, Weirdness & Mutations

You have sharp fingernails.
You are mostly covered in slimy green scales (AC +3).
Your flesh is heat resistant.
You can translocate small distances at will.


Message History

The gnoll barely misses you. The gnoll hits you but does no damage.
You are more poisoned.
Unknown command.
You aren't carrying any potions.
* * * LOW HITPOINT WARNING * * *
You feel very sick. The gnoll closely misses you.
* * * LOW HITPOINT WARNING * * *
You feel sick. The gnoll hits you with a whip.
* * * LOW HITPOINT WARNING * * *
The gnoll hits you but does no damage.
You are more poisoned.
Unknown command.
* * * LOW HITPOINT WARNING * * *
You feel very sick.
The gnoll hits you with a spear of venom.
* * * LOW HITPOINT WARNING * * *
You are more poisoned.
Unknown command.
You die...

(# ##............##...## ##
##..###........#....#### ####..##
#................## ###....##
##........#......## #.).####
##..##.###.)......#. #.###
###.).....[.........#. ##...#
##...........##......#.
##....####..#.)gg.....###.#.###.
##..........##..@......# #...###.
)..#...#######.........####..##..
#..#...#######...............##.#
#..#.........#...................
##.#...#####............>......##
##.....# ###...................##
.......###.......................
####.......#....#.###.........(.#
#.......##......#...............#


You could see 2 gnolls.

Vanquished Creatures
  A sky beast (D:4)
  A phantom (D:3)
  The ghost of Drunkenshrew the Sneak, an amateur DrSk of Ashenzari (D:3)
  An ogre (D:4)
  A centaur (D:4)
  A giant frog skeleton (D:4)
  A hound (D:4)
  2 worker ants
  3 orc wizards
  A hound skeleton (D:4)
  2 gnolls (D:4)
  2 adders
  An adder skeleton (D:4)
  2 worms
  2 dart slugs
  16 orcs
  9 bats
  4 giant cockroaches
  14 goblins
  8 hobgoblins
  9 jackals
  15 kobolds
  5 giant newts
  6 rats
108 creatures vanquished.

Vanquished Creatures (others)
  An orc wizard (D:4)
1 creature vanquished.

Grand Total: 109 creatures vanquished

Notes
Turn   | Place    | Note
--------------------------------------------------------------
     0 | Abyss:1  | Gargoyl the Demonspawn Abyssal Knight began the quest for the Orb.
     0 | Abyss:1  | Reached XP level 1. HP: 18/18 MP: 2/2
   160 | Abyss:2  | Noticed a raiju
   173 | Abyss:2  | Noticed a small abomination
   182 | Abyss:2  | Noticed a small abomination
   186 | Abyss:2  | Noticed a large abomination
   187 | D:1      | Escaped the Abyss
   750 | D:1      | Gained mutation: You are partially covered in slimy green scales (AC +2). [demonic ancestry]
   750 | D:1      | Reached XP level 2. HP: 24/24 MP: 4/4
   926 | D:1      | Reached * piety under Lugonu
  1131 | D:1      | Reached skill level 1 in Dodging
  1259 | D:1      | Gained mutation: You have sharp fingernails. [demonic ancestry]
  1259 | D:1      | Reached XP level 3. HP: 29/29 MP: 5/5
  2218 | D:2      | Reached ** piety under Lugonu
  2923 | D:2      | Reached XP level 4. HP: 35/35 MP: 6/6
  2946 | D:2      | Found a basalt altar of Yredelemnul.
  3205 | D:3      | Noticed a phantom
  3283 | D:3      | Killed a phantom
  3283 | D:3      | Reached skill level 1 in Throwing
  3283 | D:3      | Gained mutation: Your flesh is heat resistant. [demonic ancestry]
  3283 | D:3      | Reached XP level 5. HP: 31/41 MP: 6/8
  3624 | D:3      | Noticed Drunkenshrew's ghost (amateur DrSk)
  3644 | D:3      | Killed Drunkenshrew's ghost
  3761 | D:3      | Reached XP level 6. HP: 48/48 MP: 9/9
  3879 | D:4      | Noticed a sky beast
  3892 | D:4      | Gained mutation: You have a pair of small horns on your head. [potion of mutation]
  3892 | D:4      | Gained mutation: You can translocate small distances at will. [potion of mutation]
  3892 | D:4      | Lost mutation: You can translocate small distances at will. [potion of mutation]
  3918 | D:4      | Killed a sky beast
  3922 | D:4      | Gained mutation: You can translocate small distances at will. [mutagenic meat]
  3923 | D:4      | Gained mutation: Your mind is acute. (Int +2) [mutagenic meat]
  3924 | D:4      | Lost mutation: You have a pair of small horns on your head. [mutagenic meat]
  3925 | D:4      | Lost mutation: Your mind is acute. (Int +2) [mutagenic meat]
  4242 | D:4      | Reached *** piety under Lugonu
  4288 | D:3      | Gained mutation: You are mostly covered in slimy green scales (AC +3). [demonic ancestry]
  4288 | D:3      | Reached XP level 7. HP: 15/53 MP: 10/10
  4599 | D:3      | Reached skill level 5 in Invocations
  4751 | D:4      | Reached skill level 5 in Armour
  5991 | D:4      | HP: 2/54 [poisoned by a gnoll]
  5992 | D:4      | Succumbed to a gnoll's poison

Skill      XL: |  1  2  3  4  5  6  7 |
---------------+----------------------+-----
Armour         | 2 3 4 5 |  5.5
Dodging        | 1 2 |  2.5
Axes           | 2 |  2.6
Invocations    | 3 4 5 |  5.4
Throwing       | 1 |  1.3
Fighting       | 4 |  4.0

Action                   |  1- 3 |  4- 6 |  7- 9 || total
-------------------------+-------+-------+-------++-------
Melee: Hand axe          |   173 |   178 |   172 ||   523
       Headbutt          |       |     2 |       ||     2
Throw: Tomahawk          |    16 |    21 |     3 ||    40
Invok: Depart the Abyss  |     1 |       |       ||     1
       Banish            |       |       |     1 ||     1
  Use: Potion            |       |     8 |       ||     8
       Scroll            |       |       |    12 ||    12
  Eat: Chunk             |     6 |     8 |     3 ||    17
       Bread ration      |       |       |     1 ||     1
Armor: Ring mail         |    93 |     1 |       ||    94
       Scale mail        |       |   116 |   111 ||   227
Dodge: Dodged            |    95 |   108 |   105 ||   308
